PCL
REDWOOD CITY REDWOODS @ MILE HIGH BRONCOS
06/23/2029
 
TOP OF THE 1ST
Redwood City Redwoods batting - Pitching for Mile High Broncos : RHP Hokusai Nakashima
Pitching: RHP Hokusai Nakashima
Batting: RHB Jason Blair 0-0: Ball
1-0: SINGLE (Groundball, 34S) (infield hit)
Batting: LHB Al Mills 0-0: Foul Ball, location: 2F
0-1: Ball
1-1: Called Strike
1-2: Fly out, F8 (Flyball, 8LM)
Batting: LHB Bill McCraney 0-0: Ball
1-0: Ball
2-0: Fly out, F8 (Flyball, 78M)
Batting: LHB Marcos Pérez 0-0: Ball
1-0: Ball
2-0: Ball
3-0: Called Strike
3-1: Foul Ball, location: 2F
3-2: Base on Balls
Jason Blair to second
Batting: LHB Arthur Hall 0-0: Ball
1-0: Called Strike
1-1: Foul Ball, location: 2F
1-2: Foul Ball, location: 2F
1-2: Ball
2-2: Ball
3-2: Base on Balls
Jason Blair to third
Marcos Pérez to second
Batting: LHB Vicente Chávez 0-0: Called Strike
0-1: Ball
1-1: Swinging Strike
1-2: Foul Ball, location: 2F
1-2: Strikes out swinging
Top of the 1st over - 0 runs, 1 hit, 0 errors, 3 left on base; Redwood City 0 - Mile High 0
BOTTOM OF THE 1ST
Mile High Broncos batting - Pitching for Redwood City Redwoods : RHP Bill Peterson
Pitching: RHP Bill Peterson
Batting: LHB Jim Knight 0-0: Ground out 6-3 (Groundball, 6)
Batting: RHB Su-kweon Yu 0-0: Ball
1-0: Foul Ball, location: 2F
1-1: Swinging Strike
1-2: Strikes out swinging, 2-3 out at first.
Batting: LHB Tony Báez 0-0: Ball
1-0: Fly out, F8 (Flyball, 8LXD)
Bottom of the 1st over - 0 runs, 0 hits, 0 errors, 0 left on base; Redwood City 0 - Mile High 0
TOP OF THE 2ND
Redwood City Redwoods batting - Pitching for Mile High Broncos : RHP Hokusai Nakashima
Batting: LHB Keith Green 0-0: Ball
1-0: Foul Ball, location: 2F
1-1: Ball
2-1: Ball
3-1: SINGLE (Groundball, 34) (infield hit)
Batting: RHB Juan Robles 0-0: Called Strike
0-1: Ball
1-1: Grounds into double play, 6-4-3 (Groundball, 6)
Batting: RHB Keitaro Suzuki 0-0: Swinging Strike
0-1: Foul Ball, location: 2F
0-2: Fly out, F3 (Popup, 3S)
Top of the 2nd over - 0 runs, 1 hit, 0 errors, 0 left on base; Redwood City 0 - Mile High 0
BOTTOM OF THE 2ND
Mile High Broncos batting - Pitching for Redwood City Redwoods : RHP Bill Peterson
Batting: RHB António Martínez 0-0: Ground out 4-3 (Groundball, 4)
Batting: SHB Michael Field 0-0: Called Strike
0-1: DOUBLE (Line Drive, 89M)
Batting: RHB Rodney González 0-0: Called Strike
0-1: Swinging Strike
0-2: Strikes out swinging
Batting: SHB Tom Stevens 0-0: Called Strike
0-1: Foul Ball, location: 2F
0-2: Strikes out swinging
Bottom of the 2nd over - 0 runs, 1 hit, 0 errors, 1 left on base; Redwood City 0 - Mile High 0
TOP OF THE 3RD
Redwood City Redwoods batting - Pitching for Mile High Broncos : RHP Hokusai Nakashima
Batting: RHB Jason Blair 0-0: Ball
1-0: Ball
2-0: Ball
3-0: Base on Balls
Batting: LHB Al Mills 0-0: Ball
1-0: Called Strike
1-1: Ball
2-1: Called Strike
2-2: Strikes out swinging
Batting: LHB Bill McCraney 0-0: Ball
1-0: Ball
2-0: Ball
3-0: Base on Balls
Jason Blair to second
Batting: LHB Marcos Pérez 0-0: Called Strike
Jason Blair steals 3rd base
0-1: Foul Ball, location: 2F
0-2: Foul Ball, location: 2F
0-2: Fly out, F6 (Popup, 6MS)
Batting: LHB Arthur Hall 0-0: Called Strike
0-1: Ball
1-1: Foul Ball, location: 2F
1-2: Ground out U3 (Groundball, 3)
Top of the 3rd over - 0 runs, 0 hits, 0 errors, 2 left on base; Redwood City 0 - Mile High 0
BOTTOM OF THE 3RD
Mile High Broncos batting - Pitching for Redwood City Redwoods : RHP Bill Peterson
Batting: RHB Luis Ramos 0-0: Ball
1-0: Ball
2-0: Swinging Strike
2-1: Foul Ball, location: 2F
2-2: Strikes out looking
Batting: SHB Paco Martínez 0-0: Ball
1-0: Swinging Strike
1-1: Foul Ball, location: 2F
1-2: Ball
2-2: Foul Ball, location: 2F
2-2: Foul Ball, location: 2F
2-2: Ball
3-2: Foul Ball, location: 2F
3-2: Strikes out looking
Batting: LHB Jim Knight 0-0: Ball
1-0: Ball
2-0: Called Strike
2-1: Foul Ball, location: 2F
2-2: Strikes out swinging
Bottom of the 3rd over - 0 runs, 0 hits, 0 errors, 0 left on base; Redwood City 0 - Mile High 0
TOP OF THE 4TH
Redwood City Redwoods batting - Pitching for Mile High Broncos : RHP Hokusai Nakashima
Batting: LHB Vicente Chávez 0-0: Ball
1-0: Foul Ball, location: 2F
1-1: SINGLE (Line Drive, 8RS)
Batting: LHB Keith Green 0-0: Called Strike
0-1: Ball
1-1: Ball
2-1: Ball
3-1: Foul Ball, location: 2F
3-2: SINGLE (Groundball, 34) (infield hit)
Vicente Chávez to second
Batting: RHB Juan Robles 0-0: Ball
1-0: Ball
Passed Ball!
Vicente Chávez to third
Keith Green to second
2-0: Ball
3-0: Called Strike
3-1: Swinging Strike
3-2: Strikes out looking
Pitching: LHP Domingo Morales
Batting: RHB Keitaro Suzuki 0-0: Called Strike
0-1: Ground out 5-3 (Groundball, 56)
Vicente Chávez scores
Batting: RHB Jason Blair 0-0: Ball
Wild Pitch!
Keith Green to third
1-0: Ball
2-0: Ball
3-0: Base on Balls
Batting: LHB Al Mills 0-0: Called Strike
Jason Blair steals 2nd base
0-1: Foul Ball, location: 2F
0-2: Ball
1-2: Ball
2-2: Strikes out swinging
Top of the 4th over - 1 run, 2 hits, 0 errors, 2 left on base; Redwood City 1 - Mile High 0
BOTTOM OF THE 4TH
Mile High Broncos batting - Pitching for Redwood City Redwoods : RHP Bill Peterson
Batting: RHB Su-kweon Yu 0-0: Swinging Strike
0-1: Called Strike
0-2: Ball
1-2: Ground out 6-3 (Groundball, 6M)
Batting: LHB Tony Báez 0-0: Ball
1-0: Ball
2-0: SOLO HOME RUN (Flyball, 9D), Distance : 375 ft
Batting: RHB António Martínez 0-0: Ball
1-0: Swinging Strike
1-1: Ball
2-1: Foul Ball, location: 2F
2-2: Ball
3-2: DOUBLE (Line Drive, 9D)
Batting: SHB Michael Field 0-0: Called Strike
0-1: Fly out, F9 (Line Drive, 89M)
Batting: RHB Rodney González 0-0: Ball
1-0: SINGLE (Line Drive, 9S)
António Martínez to third
Runner from 3rd tries for Home, SAFE, no throw
Batting: SHB Tom Stevens 0-0: Ball
1-0: Called Strike
1-1: Foul Ball, location: 2F
1-2: Foul Ball, location: 2F
1-2: Ball
2-2: Ball
3-2: Ground out 4-3 (Groundball, 4D)
Bottom of the 4th over - 2 runs, 3 hits, 0 errors, 1 left on base; Redwood City 1 - Mile High 2
TOP OF THE 5TH
Redwood City Redwoods batting - Pitching for Mile High Broncos : LHP Domingo Morales
Batting: LHB Bill McCraney 0-0: Called Strike
0-1: Called Strike
0-2: Strikes out swinging
Batting: LHB Marcos Pérez 0-0: Ball
1-0: Ball
2-0: Called Strike
2-1: Fly out, F9 (Flyball, 89S)
Batting: LHB Arthur Hall 0-0: SINGLE (Groundball, 34D)
Batting: LHB Vicente Chávez 0-0: Ball
1-0: Ground out 4-3 (Groundball, 4)
Top of the 5th over - 0 runs, 1 hit, 0 errors, 1 left on base; Redwood City 1 - Mile High 2
BOTTOM OF THE 5TH
Mile High Broncos batting - Pitching for Redwood City Redwoods : RHP Bill Peterson
Batting: RHB Luis Ramos 0-0: Ball
1-0: Ball
2-0: Ball
3-0: Called Strike
3-1: Called Strike
3-2: Base on Balls
Batting: SHB Paco Martínez 0-0: Called Strike
0-1: Ground out 5-3 (Groundball, 56S)
Luis Ramos to second
Batting: LHB Jim Knight 0-0: SINGLE (Groundball, 4D)
Luis Ramos to third
Runner from 3rd tries for Home, SAFE, throw made home
Batting: RHB Su-kweon Yu 0-0: Called Strike
0-1: Ball
1-1: Ball
2-1: Foul Ball, location: 2F
2-2: Strikes out swinging
Batting: LHB Tony Báez 0-0: 2-RUN HOME RUN (Flyball, 89XD), Distance : 391 ft
Batting: RHB António Martínez 0-0: Ball
1-0: Fly out, F8 (Flyball, 8RXD)
Bottom of the 5th over - 3 runs, 2 hits, 0 errors, 0 left on base; Redwood City 1 - Mile High 5
TOP OF THE 6TH
Redwood City Redwoods batting - Pitching for Mile High Broncos : LHP Domingo Morales
Batting: LHB Keith Green 0-0: Ball
1-0: Foul Ball, location: 2F
1-1: Ball
2-1: Called Strike
2-2: Strikes out swinging
Batting: RHB Juan Robles 0-0: Called Strike
0-1: Swinging Strike
0-2: Strikes out swinging
Batting: RHB Keitaro Suzuki 0-0: Called Strike
0-1: SINGLE (Line Drive, 7S)
Batting: RHB Jason Blair 0-0: Ball
1-0: Fly out, F3 (Popup, 3F)
Top of the 6th over - 0 runs, 1 hit, 0 errors, 1 left on base; Redwood City 1 - Mile High 5
BOTTOM OF THE 6TH
Mile High Broncos batting - Pitching for Redwood City Redwoods : RHP Bill Peterson
Pitching: RHP Daniel Betteridge
Batting: SHB Michael Field 0-0: Ball
1-0: Ground out 6-3 (Groundball, 6M)
Batting: RHB Rodney González 0-0: Ball
1-0: Called Strike
1-1: Called Strike
1-2: Ball
2-2: Fly out, F8 (Flyball, 89D)
Batting: SHB Tom Stevens 0-0: Ball
1-0: Foul Ball, location: 2F
1-1: Foul Ball, location: 2F
1-2: Foul Ball, location: 2F
1-2: Ground out 2-3 (Groundball, 15S)
Bottom of the 6th over - 0 runs, 0 hits, 0 errors, 0 left on base; Redwood City 1 - Mile High 5
TOP OF THE 7TH
Redwood City Redwoods batting - Pitching for Mile High Broncos : LHP Domingo Morales
Batting: LHB Al Mills 0-0: Swinging Strike
0-1: Called Strike
0-2: Strikes out looking
Batting: LHB Bill McCraney 0-0: Ball
1-0: Foul Ball, location: 2F
1-1: Ball
2-1: SINGLE (Groundball, 4MD)
Batting: LHB Marcos Pérez 0-0: Foul Ball, location: 2F
0-1: Ball
1-1: Fly out, F9 (Flyball, 89D)
Batting: LHB Arthur Hall 0-0: Called Strike
0-1: Ball
1-1: Swinging Strike
1-2: Ball
2-2: Ball
3-2: Base on Balls
Bill McCraney to second
Batting: LHB Vicente Chávez 0-0: Ball
1-0: Fielders Choice at 2nd, 5-4 (Groundball, 56)
Top of the 7th over - 0 runs, 1 hit, 0 errors, 2 left on base; Redwood City 1 - Mile High 5
BOTTOM OF THE 7TH
Mile High Broncos batting - Pitching for Redwood City Redwoods : RHP Daniel Betteridge
Batting: RHB Luis Ramos 0-0: Called Strike
0-1: SINGLE (Flyball, 4MD)
Batting: SHB Paco Martínez 0-0: Called Strike
0-1: Bunted foul
0-2: Ball
1-2: Fly out, F7 (Flyball, 7S)
Batting: LHB Jim Knight 0-0: Called Strike
Luis Ramos steals 2nd base
0-1: SINGLE (Line Drive, 9LM)
Luis Ramos to third
Batting: RHB Su-kweon Yu 0-0: Ball
1-0: Ball
2-0: Ball
3-0: Called Strike
3-1: Base on Balls
Jim Knight to second
Batting: LHB Tony Báez 0-0: Ball
1-0: Called Strike
1-1: Ball
2-1: Foul Ball, location: 2F
2-2: Foul Ball, location: 2F
2-2: Ball
3-2: Base on Balls
Luis Ramos scores
Jim Knight to third
Su-kweon Yu to second
Batting: RHB António Martínez 0-0: Foul Ball, location: 2F
0-1: Swinging Strike
0-2: GRAND SLAM HOME RUN (Flyball, 89XD), Distance : 390 ft
Batting: SHB Michael Field 0-0: Ball
1-0: Foul Ball, location: 2F
1-1: Ball
2-1: Called Strike
2-2: Ball
3-2: Ground out 1-3 (Groundball, 13S)
Batting: RHB Rodney González 0-0: Called Strike
0-1: Ball
1-1: Fly out, F6 (Popup, 4MS)
Bottom of the 7th over - 5 runs, 3 hits, 0 errors, 0 left on base; Redwood City 1 - Mile High 10
TOP OF THE 8TH
Redwood City Redwoods batting - Pitching for Mile High Broncos : LHP Domingo Morales
Now at 2B: Keith Shaffer
Batting: LHB Keith Green 0-0: Called Strike
0-1: Ball
1-1: Ball
2-1: Foul Ball, location: 2F
2-2: SINGLE (Flyball, 8RS)
Batting: RHB Juan Robles 0-0: Ball
1-0: Foul Ball, location: 2F
1-1: Called Strike
1-2: Strikes out swinging
Batting: RHB Keitaro Suzuki 0-0: Swinging Strike
0-1: Ball
1-1: Foul Ball, location: 2F
1-2: Fly out, F9 (Line Drive, 9)
Pitching: RHP José García
Pinch Hitting: RHB Javier Ortíz 0-0: Called Strike
0-1: Ball
1-1: Fielders Choice at 2nd, 6-4 (Groundball, 6)
Top of the 8th over - 0 runs, 1 hit, 0 errors, 1 left on base; Redwood City 1 - Mile High 10
BOTTOM OF THE 8TH
Mile High Broncos batting - Pitching for Redwood City Redwoods : RHP Daniel Betteridge
Now at SS: Francisco Rodríguez
Batting: SHB Tom Stevens 0-0: Called Strike
0-1: Called Strike
0-2: Ball
1-2: Foul Ball, location: 2F
1-2: Strikes out swinging
Batting: RHB Luis Ramos 0-0: Ball
1-0: Ball
2-0: Ground out 1-3 (Groundball, P)
Pinch Hitting: RHB Enrique Bermúdez 0-0: Ball
1-0: Swinging Strike
1-1: Ball
2-1: Foul Ball, location: 2F
2-2: Ball
3-2: Strikes out swinging, 2-3 out at first.
Bottom of the 8th over - 0 runs, 0 hits, 0 errors, 0 left on base; Redwood City 1 - Mile High 10
TOP OF THE 9TH
Redwood City Redwoods batting - Pitching for Mile High Broncos : RHP José García
Now at 3B: Enrique Bermúdez
Batting: LHB Al Mills 0-0: Called Strike
0-1: Ball
1-1: Swinging Strike
1-2: Ball
2-2: Ball
3-2: Foul Ball, location: 2F
3-2: Base on Balls
Batting: LHB Bill McCraney 0-0: DOUBLE (Groundball, 3L)
Al Mills to third
Batting: LHB Marcos Pérez 0-0: Called Strike
0-1: Ground out U3 (Groundball, 3)
Batting: LHB Arthur Hall 0-0: Ball
1-0: Ball
2-0: Called Strike
2-1: Foul Ball, location: 2F
2-2: Strikes out swinging
Batting: LHB Vicente Chávez 0-0: SINGLE (Groundball, 56D)
Al Mills scores
Bill McCraney to third
Batting: LHB Keith Green 0-0: Ball
1-0: Ball
2-0: Foul Ball, location: 2F
2-1: Ball
3-1: Called Strike
3-2: Foul Ball, location: 2F
3-2: Strikes out swinging
Top of the 9th over - 1 run, 2 hits, 0 errors, 2 left on base; Redwood City 2 - Mile High 10
Saturday, December 16th, 2017 - OOTP Baseball 18.8 Build 76